 Seeded DCSS version 0.25.1-11-g244df3a29b (webtiles) character file.

Game seed: 9335348854215055592 (custom seed)

275954 hikkokomori the Spry (level 19, -15/161 HPs)
             Began as a Demonspawn Gladiator on Mar 2, 2022.
             Was the Champion of Dithmenos.
             Demolished by a yaktaur captain (25 damage)
             ... while paralysed by a sphinx
             ... on level 2 of the Vaults on Mar 3, 2022.
             The game lasted 01:58:48 (37765 turns).

hikkokomori the Spry (Demonspawn Gladiator)        Turns: 37765, Time: 01:58:48

Health: -15/161    AC: 27    Str: 19    XL:     19   Next: 57%
Magic:  0/47       EV:  2    Int: 11    God:    Dithmenos [******]
Gold:   817        SH:  0    Dex: 29    Spells: 10/39 levels left

rFire    + . .     SeeInvis .   p - +7 pair of quick blades "Gyre" and "Gimble" {protect}
rCold    . . .     Gourm    .   (shield currently unavailable)
rNeg     . . .     Faith    .   U - +4 moon troll leather armour {Spirit, Regen++ MP+5}
rPois    .         Spirit   +   b - +1 helmet "Wero" {Dex+3}
rElec    .         Reflect  .   S - +2 cloak of Card Tricks {Harm rCorr MP+9}
rCorr    +         Harm     +   e - +2 pair of gloves {Str+3}
MR       +....                  (boots unavailable)
Stlth    ++++++++++             s - amulet "Teufar" {Spirit Dex+6}
HPRegen  5.16/turn              j - +4 ring of evasion
MPRegen  0.30/turn              N - ring of Robustness {AC+8}

@: paralysed, death channel, marked, wreathed by umbra
A: hooves 3, rugged brown scales 1, fire resistance 1, nightstalker 2, powered
by death 2, screaming 1, shaggy fur 1, flame cloud immunity, subdued magic 1,
MP-powered wands
}: 2/15 runes: serpentine, barnacled
a: Shadow Step, Shadow Form, Renounce Religion


You were on level 2 of the Vaults.
You worshipped Dithmenos.
Dithmenos was exalted by your worship.
You were hungry.

You visited 7 branches of the dungeon, and saw 34 of its levels.
You also visited: Bailey, Gauntlet and Ice Cave.

You collected 6787 gold pieces.
You spent 5970 gold pieces at shops.

Inventory:

Hand Weapons
 p - the +7 pair of quick blades "Gyre" and "Gimble" (weapon) {protect}
   (You found it on level 4 of the Dungeon)

   It grants its wielder temporary protection when it strikes (+7 to AC).
 T - the +5 falchion of Disembowelment {freeze, rPois MR+ Int+2}
   (You found it on level 6 of the Lair of Beasts)

   It has been specially enchanted to freeze those struck by it, causing extra
   injury to most foes and up to half again as much damage against particularly
   susceptible opponents.
   It can also slow down cold-blooded creatures.
   It affects your intelligence (+2).
   It protects you from poison.
   It affects your resistance to hostile enchantments.
 Z - a +5 scimitar of flaming
Missiles
 r - 8 atropa-tipped darts
 B - 8 throwing nets (quivered)
 L - 123 javelins
 P - 8 curare-tipped darts
 W - 19 silver javelins
Armour
 b - the +1 helmet "Wero" (worn) {Dex+3}
   (You bought it in a shop on level 13 of the Dungeon)

   It affects your dexterity (+3).
 e - a +2 pair of gloves of strength (worn)
 S - the +2 cloak of Card Tricks (worn) {Harm rCorr MP+9}
   (You found it on level 5 of the Lair of Beasts)

   It affects your magic capacity (+9).
   It provides partial protection from all sources of acid and corrosion.
   It increases damage dealt and taken.
 U - the +4 moon troll leather armour (worn) {Spirit, Regen++ MP+5}
   (You bought it in a shop on level 13 of the Dungeon)

   It affects your magic capacity (+5).
   It increases your rate of regeneration.
Jewellery
 g - an uncursed ring of protection from magic
 j - a +4 ring of evasion (left hand)
 s - the amulet "Teufar" (around neck) {Spirit Dex+6}
   (You acquired it on level 4 of the Snake Pit)

   [amulet of guardian spirit]

   It causes incoming damage to be split between your health and magic.
   It affects your dexterity (+6).
 w - a cursed ring of see invisible
 E - an uncursed ring of ice
 I - an uncursed ring of wizardry
 N - the ring of Robustness (right hand) {AC+8}
   (You found it in a Gauntlet)

   [ring of protection]

   It affects your AC (+8).
Wands
 u - a wand of digging (37)
 A - a wand of flame (90)
 D - a wand of acid (15)
 H - a wand of iceblast (25)
 M - a wand of paralysis (6)
 R - a wand of disintegration (29)
Scrolls
 d - 2 scrolls of immolation
 h - 14 scrolls of remove curse
 t - 5 scrolls of blinking
 x - 8 scrolls of amnesia
 y - a scroll of enchant weapon
 C - 2 scrolls of fog
 G - 7 scrolls of identify
 O - 9 scrolls of fear
 Q - a scroll of teleportation
 V - 3 scrolls of magic mapping
 Y - 4 scrolls of enchant armour
Potions
 k - 2 potions of magic
 l - 7 potions of curing
 n - 6 potions of haste
 o - a potion of resistance
 q - 7 potions of might
 v - 4 potions of mutation
 F - 6 potions of heal wounds
 J - 4 potions of berserk rage
 K - 4 potions of flight
 X - 6 potions of brilliance
Miscellaneous
 a - a phantom mirror
 i - a lightning rod (4/4)
 m - a phial of floods
 z - a tin of tremorstones (3/3)
Comestibles
 c - 5 chunks of flesh
 f - 50 rations


   Skills:
 - Level 15.7 Fighting
 - Level 8.3 Short Blades
 - Level 5.5 Throwing
 - Level 6.3 Armour
 + Level 16.9 Dodging
 + Level 12.2 Stealth
 - Level 10.8 Spellcasting
 - Level 8.0 Hexes
 - Level 4.0 Charms
 + Level 11.5 Necromancy
 - Level 4.3 Translocations
 + Level 4.9 Earth Magic
 - Level 12.1 Invocations
 - Level 8.5 Evocations


You had 10 spell levels left.
You knew the following spells:

 Your Spells              Type           Power        Failure   Level  Hunger
a - Blink                 Tloc           N/A          2%          2    None
b - Borgnjor's Vile Clut  Necr/Erth      ###.......   11%         5    #####..
c - Dazzling Flash        Conj/Hex       ##....       6%          3    ##.....
d - Ozocubu's Armour      Chrm/Ice       #.......     16%         3    ##.....
e - Cause Fear            Hex            ###.......   3%          4    ####...
f - Death Channel         Necr           ###.......   16%         6    #######
g - Statue Form           Tmut/Erth      #........    100%        6    #######

Your spell library contained the following spells:

 Spells                   Type           Power        Failure   Level  Hunger
 Corona                   Hex            ###....      1%          1    None
 Slow                     Hex            ###.....     1%          2    None
 Animate Dead             Necr           N/A          1%          4    ####...
 Shroud of Golubria       Chrm/Tloc      ##....       2%          2    None
 Portal Projectile        Hex/Tloc       ###...       2%          3    ##.....
 Gell's Gravitas          Tloc           ##........   5%          3    ##.....
 Lesser Beckoning         Tloc           ##........   5%          3    ##.....
 Teleport Other           Tloc           ##......     5%          3    ##.....
 Inner Flame              Hex/Fire       ##......     6%          3    ##.....
 Summon Guardian Golem    Hex/Summ       ##......     6%          3    ##.....
 Leda's Liquefaction      Hex/Erth       ###.......   8%          4    ####...
 Freeze                   Ice            #...         12%         1    None
 Magic Dart               Conj           #...         12%         1    None
 Summon Small Mammal      Summ           #...         12%         1    None
 Recall                   Summ/Tloc      N/A          14%         3    ##.....
 Call Imp                 Summ           #.......     17%         2    None
 Searing Ray              Conj           #.....       17%         2    None
 Passage of Golubria      Tloc           N/A          19%         4    ####...
 Fulminant Prism          Conj/Hex       ##........   22%         4    ####...
 Call Canine Familiar     Summ           #.......     34%         3    ##.....
 Conjure Flame            Conj/Fire      #.......     34%         3    ##.....
 Frozen Ramparts          Ice            #.....       34%         3    ##.....
 Mephitic Cloud           Conj/Pois/Air  #.......     34%         3    ##.....
 Iskenderun's Mystic Bla  Conj/Tloc      #.......     45%         4    ####...
 Hailstorm                Conj/Ice       #.......     77%         4    ####...
 Summon Ice Beast         Ice/Summ       #.......     77%         4    ####...
 Summon Lightning Spire   Summ/Air       #.......     77%         4    ####...
 Bolt of Magma            Conj/Fire/Erth #.........   86%         5    #####..
 Simulacrum               Ice/Necr       ##........   87%         6    #######
 Iron Shot                Conj/Erth      #.........   100%        6    #######
 Shatter                  Erth           ##........   100%        9    #######


Dungeon Overview and Level Annotations

Branches:
Dungeon (15/15)            Temple (1/1) D:5            Lair (6/6) D:11
 Shoals (4/4) Lair:4        Snake (4/4) Lair:4        Slime (0/5) Lair:5
    Orc (2/2) D:12            Elf (0/3) Orc:2        Vaults (2/5) D:13
 Depths (0/5) D:15         Bailey (visited)           IceCv (visited)
Gauntlet (visited)
  Crypt: Vaults:2-3

Altars:
Ashenzari
Cheibriados
Dithmenos
Elyvilon
Gozag
Kikubaaqudgha
Makhleb
Nemelex Xobeh
Okawaru
Qazlal
Ru
Sif Muna
Uskayaw
Vehumet
Wu Jian
Xom
Yredelemnul
Zin
The Shining One
Jiyva

Shops:
D:4 ?   D:5 *   D:8 (   D:13 ([   Orc:2 ?:[(   Shoals:3 ?[}*(   Snake:4 ?


Innate Abilities, Weirdness & Mutations

You have hooves in place of feet.
You are partially covered in rugged brown scales. (AC +1, +3% HP)
Your flesh is heat resistant. (rF+)
You are significantly more attuned to the shadows.
You regenerate health from kills.
You are immune to clouds of flame.
You occasionally shout uncontrollably at your foes.
You are covered in fur. (AC +1)
Your spells are a little easier to cast, but a little less powerful.
You expend magic power (3 MP) to strengthen your wands.


Message History

* * * LOW HITPOINT WARNING * * *
The sphinx hits you.
* * * LOW HITPOINT WARNING * * *
The sphinx hits you but does no damage.
The orc closely misses your spectral ironbrand convoker.
The deep elf sorcerer mumbles some strange words.
The deep elf sorcerer seems to speed up.
The storm dragon bites you!!
* * * LOW HITPOINT WARNING * * *
You emit a cloud of dark smoke.
The storm dragon claws you but does no damage.
The storm dragon tramples you.
* * * LOW HITPOINT WARNING * * *
You hold your ground!
Your spectral yaktaur hits the vault sentinel!
Your spectral yaktaur drains the vault sentinel.
You feel less confused.
The deep elf sorcerer hits your spectral yaktaur with a +2 long sword of draining.
The yaktaur captain hits you!!
You die...

...# #..Z)o.co.. ...#
#DX# ...# ### ##(.## ####
##.## ##.co)## ##...##
##..Z.).##
#######.....###.oo.....##
....'...)....'§§§D##...)#
....#........'§DXc##...)#
....###.....###§@§§....##
....# ##...## ##pHZ...##
...(# ##.## ##eCp.##
....# ### ##GC## #####
#cO#


WD' You could see a tentacled monstrosity (strong), a storm dragon (strong), a
fire giant, a fire dragon (drained), a sphinx, a yaktaur captain, a deep elf
sorcerer (fast, drained), a vault sentinel (drained), an ironbrand convoker and
a friendly spectral yaktaur.

Vanquished Creatures
  Polyphemus (Shoals:3)
  Kirke (Lair:6)
  Ilsuiw (Shoals:2)
  11 nagarajas
  2 frost giants
  Aizul (Shoals:4)
  A stone giant (Vaults:2)
  An entropy weaver (Vaults:2)
  Azrael (D:12)
  The ghost of Dillybarz the Nimble, a journeyman DDWr of Makhleb (Lair:1)
  2 minotaurs
  5 merfolk javelineers
  An ettin (D:15)
  2 death oozes (Gauntlet)
  A fire dragon (Lair:6)
  Josephine (D:12)
  8 merfolk impalers
  8 vault guards (Vaults:2)
  2 ogre magi (D:15)
  An ice dragon (Vaults:1)
  20 naga warriors
  7 hydras
  A rakshasa (Vaults:2)
  2 alligator snapping turtles (Shoals:3)
  A merfolk aquamancer (Shoals:4)
  7 anacondas
  2 catoblepae
  6 satyrs
  9 death yaks
  2 dancing weapons (D:13)
  8 two-headed ogres
  7 centaur warriors
  3 merfolk avatars (Shoals:4)
  2 tengu warriors
  An orc high priest (Bailey)
  22 naga sharpshooters
  Sonja (D:12)
  6 shock serpents
  Urug (D:11)
  6 salamander mystics
  21 sea snakes
  A deep troll (D:15)
  6 naga ritualists
  A wizard (D:15)
  An unseen horror (D:14)
  A lindwurm (Lair:6)
  A deep elf archer (Vaults:1)
  23 harpies
  5 orc knights
  4 ironbrand convokers
  10 mana vipers
  20 ugly things
  3 orc sorcerers
  A deep elf mage (D:15)
  2 wolf spiders (Vaults:2)
  13 manticores
  14 fauns
  22 salamanders
  A worldbinder (Gauntlet)
  Maurice (D:11)
  10 cyclopes
  15 guardian serpents
  8 elephants (Lair:5)
  9 water nymphs
  7 merfolk sirens
  A guardian serpent (shapeshifter) (Vaults:1)
  44 black mambas
  An ice statue (IceCv)
  3 molten gargoyles (Lair:6)
  2 gargoyles
  23 naga magi
  Joseph (D:9)
  4 vault sentinels
  19 spiny frogs
  A redback zombie (D:15)
  12 komodo dragons
  2 centaur skeletons
  A rime drake (Lair:4)
  A yaktaur (shapeshifter) (D:14)
  3 yaktaurs
  An efreet (D:14)
  A queen bee (shapeshifter) (D:11)
  A freezing wraith (D:12)
  A polar bear (shapeshifter) (D:14)
  7 trolls
  38 merfolk
  18 polar bears
  A wolf spider simulacrum (D:14)
  6 wind drakes
  12 hippogriffs
  A meliai zombie (D:15)
  4 blink frogs (Lair:1)
  Grinder (D:4)
  7 slime creatures
  11 snapping turtles
  17 dream sheep
  Sigmund (D:4)
  11 wyverns
  49 yaks
  4 water elementals
  7 wraiths
  3 shadows
  A human (shapeshifter) (D:15)
  7 basilisks
  4 fire elementals (D:12)
  Grum (D:9)
  2 steam dragons (Lair:6)
  A hungry ghost (D:10)
  4 vampire mosquitoes (D:15)
  49 nagas
  A warg (Orc:2)
  2 acid dragons
  12 porcupines
  13 water moccasins
  7 hell hounds
  46 orc warriors
  3 phantoms
  4 black bears
  3 sky beasts
  A necrophage (D:12)
  11 ogres
  An eye of draining (D:11)
  4 ice beasts
  11 boggarts
  49 wolves
  26 centaurs
  10 crocodiles
  A big kobold (D:10)
  Blork the orc (D:4)
  13 bullfrogs
  2 gnoll sergeants
  A wyvern zombie (D:10)
  7 scorpions
  2 water moccasin skeletons
  10 killer bees
  13 wights
  12 howler monkeys
  8 crimson imps
  6 electric eels
  5 lava snakes (Lair:6)
  3 centaur zombies
  9 hounds
  4 jellies
  8 orc priests
  4 bullfrog skeletons
  21 orc wizards
  Crazy Yiuf (D:4)
  11 worker ants
  3 iguanas
  A hound zombie (D:4)
  2 worker ant zombies (D:6)
  14 adders
  21 gnolls
  6 shadow imps
  12 white imps (Lair:5)
  An ooze (D:2)
  A dart slug (D:1)
  7 leopard geckos
  55 orcs
  2 ball pythons
  A giant cockroach (D:8)
  20 goblins
  10 hobgoblins
  8 jackals
  A quokka (D:8)
  A ball python skeleton (D:2)
  6 bats
  6 frilled lizards
  2 goblin skeletons (D:6)
  A goblin zombie (D:6)
  3 hobgoblin zombies (D:6)
  4 kobolds
  A kobold zombie (D:6)
  An orc zombie (D:6)
  A quokka skeleton (D:6)
  6 rats
  A fungus (Lair:5)
  4 plants
1303 creatures vanquished.

Vanquished Creatures (collateral kills)
  Louise (Shoals:4)
1 creature vanquished.

Vanquished Creatures (others)
  A centaur warrior (D:13)
  A salamander (Snake:4)
  A guardian serpent (Snake:4)
  A merfolk (Shoals:4)
  A human (Lair:6)
  A sky beast (D:13)
  A boggart (Vaults:1)
  A centaur (Orc:2)
  An orc wizard (D:6)
  2 orcs (Orc:2)
  14 fungi
  41 plants
66 creatures vanquished.

Grand Total: 1370 creatures vanquished

Notes
Turn   | Place    | Note
-------+----------+-------------------------------------------
     0 | D:1      | hikkokomori the Demonspawn Gladiator began the quest for
                  | the Orb.
     0 | D:1      | Reached XP level 1. HP: 16/16 MP: 1/1
   411 | D:1      | Gained mutation: You are slightly more attuned to the
                  | shadows. [demonic ancestry]
   411 | D:1      | Reached XP level 2. HP: 22/22 MP: 2/2
   438 | D:1      | Reached skill level 3 in Dodging
   846 | D:1      | Reached XP level 3. HP: 20/28 MP: 3/3
  1587 | D:2      | Reached XP level 4. HP: 29/34 MP: 4/4
  2493 | D:3      | You fall into a shaft and drop 3 floors!
  2587 | D:6      | Noticed a sky beast
  2590 | D:6      | Reached XP level 5. HP: 37/41 MP: 5/5
  2608 | D:6      | Killed a sky beast
  2624 | D:6      | Noticed a centaur
  2634 | D:6      | Gained mutation: Your spells are a little easier to cast,
                  | but a little less powerful. [potion of mutation]
  2634 | D:6      | Gained mutation: You are covered in fur. (AC +1) [potion of
                  | mutation]
  2634 | D:6      | Gained mutation: You occasionally shout uncontrollably at
                  | your foes. [potion of mutation]
  2634 | D:6      | Gained mutation: You expend magic power (3 MP) to
                  | strengthen your wands. [potion of mutation]
  2638 | D:6      | Gained mutation: You have large cloven feet. [demonic
                  | ancestry]
  2638 | D:6      | Reached XP level 6. HP: 9/47 MP: 6/6
  2944 | D:6      | Reached skill level 4 in Dodging
  3878 | D:5      | Entered Level 5 of the Dungeon
  3890 | D:5      | Found a staircase to the Ecumenical Temple.
  3915 | Temple   | Entered the Ecumenical Temple
  4076 | Temple   | Became a worshipper of Dithmenos the Shadowed
  4113 | D:4      | Found the +7 pair of quick blades "Gyre" and "Gimble"
                  | {protect}
  4283 | D:4      | Reached XP level 7. HP: 50/54 MP: 7/7
  4334 | D:4      | Noticed Blork the orc
  4343 | D:4      | Killed Blork the orc
  4428 | D:4      | Noticed Sigmund
  4436 | D:4      | Killed Sigmund
  4655 | D:4      | Reached skill level 5 in Short Blades
  4655 | D:4      | Reached skill level 5 in Dodging
  4771 | D:4      | Noticed Grinder
  4778 | D:4      | Killed Grinder
  4778 | D:4      | Reached skill level 5 in Fighting
  4778 | D:4      | Gained mutation: You have hoof-like feet. [demonic
                  | ancestry]
  4778 | D:4      | Reached XP level 8. HP: 46/62 MP: 8/8
  4901 | D:4      | Found Tewneg's Magic Scroll Shop.
  4912 | D:4      | Bought 2 scrolls of identify for 48 gold pieces
  4912 | D:4      | Bought a scroll of teleportation for 36 gold pieces
  4941 | D:4      | Found an iron altar of Okawaru.
  4968 | D:4      | Found a runed translucent door.
  4969 | D:4      | Noticed Crazy Yiuf
  4974 | D:4      | Killed Crazy Yiuf
  5379 | D:5      | Found Saosiamyl's Assorted Antiques.
  5405 | D:5      | Bought 2 potions of curing for 144 gold pieces
  5507 | D:5      | Reached skill level 5 in Throwing
  5542 | D:5      | Reached * piety under Dithmenos
  5964 | D:6      | Found a glowing golden altar of the Shining One.
  6247 | D:7      | Noticed a hippogriff
  6255 | D:7      | Killed a hippogriff
  6263 | D:7      | Reached skill level 6 in Dodging
  6276 | D:7      | Gained mutation: You are partially covered in rugged brown
                  | scales. (AC +1, +3% HP) [demonic ancestry]
  6276 | D:7      | Reached XP level 9. HP: 64/71 MP: 9/9
  6280 | D:7      | Learned a level 2 spell: Blink
  6481 | D:7      | Reached skill level 1 in Stealth
  6685 | D:7      | Found an ancient bone altar of Kikubaaqudgha.
  6778 | D:7      | Found a flagged portal.
  6785 | Bailey   | Entered a bailey
  6821 | Bailey   | Reached ** piety under Dithmenos
  7061 | Bailey   | Found an iron altar of Okawaru.
  7061 | Bailey   | Noticed an orc high priest
  7061 | Bailey   | Noticed an orc sorcerer
  7092 | Bailey   | Killed an orc high priest
  7093 | Bailey   | Identified a scroll of acquirement
  7093 | Bailey   | Acquired a manual of Dodging
  7103 | Bailey   | Killed an orc sorcerer
  7103 | Bailey   | Reached skill level 7 in Dodging
  7120 | Bailey   | Gained mutation: You are significantly more attuned to the
                  | shadows. [demonic ancestry]
  7120 | Bailey   | Reached XP level 10. HP: 46/81 MP: 10/10
  7347 | Bailey   | Acquired 2800 gold pieces
  8020 | D:7      | Reached *** piety under Dithmenos
  8160 | D:8      | Reached skill level 8 in Dodging
  8173 | D:8      | Found Muiret's Weapon Boutique.
  8219 | D:8      | Reached skill level 5 in Stealth
  8874 | D:9      | Noticed Grum
  8876 | D:9      | Reached skill level 9 in Dodging
  8890 | D:9      | Killed Grum
  8992 | D:9      | Reached **** piety under Dithmenos
  9337 | D:9      | Noticed Joseph
  9356 | D:9      | Reached skill level 1 in Invocations
  9356 | D:9      | Reached XP level 11. HP: 61/89 MP: 6/11
  9479 | D:9      | Reached skill level 1 in Evocations
  9490 | D:9      | Killed Joseph
  9802 | D:10     | Entered Level 10 of the Dungeon
 10737 | D:11     | Reached ***** piety under Dithmenos
 10756 | D:11     | Reached skill level 10 in Dodging
 10818 | D:11     | Noticed Urug
 10820 | D:11     | Killed Urug
 10820 | D:11     | Reached skill level 1 in Armour
 10854 | D:11     | Noticed Maurice
 10862 | D:11     | Noticed a tengu warrior
 10877 | D:11     | Killed a tengu warrior
 10880 | D:11     | Killed Maurice
 10897 | D:11     | Noticed a two-headed ogre
 10914 | D:11     | Killed a two-headed ogre
 10923 | D:11     | Noticed a white ugly thing
 10929 | D:11     | Killed a white ugly thing
 10991 | D:11     | Reached skill level 5 in Invocations
 11012 | D:11     | Noticed a cyan ugly thing
 11016 | D:11     | Killed a cyan ugly thing
 11050 | D:11     | Reached XP level 12. HP: 99/99 MP: 15/15
 11113 | D:11     | Found a staircase to the Lair.
 11514 | D:12     | Noticed Azrael
 11536 | D:12     | Killed Azrael
 11561 | D:12     | Noticed a two-headed ogre
 11569 | D:12     | Killed a two-headed ogre
 11831 | D:12     | Noticed Josephine
 11837 | D:12     | Reached skill level 11 in Dodging
 11843 | D:12     | Reached skill level 10 in Fighting
 11862 | D:12     | Killed Josephine
 12255 | D:12     | Reached skill level 5 in Evocations
 12534 | D:12     | Noticed Sonja
 12536 | D:12     | Killed Sonja
 12894 | D:12     | Found a staircase to the Orcish Mines.
 13142 | D:13     | Found Cepif's Food Emporium.
 13179 | D:13     | Noticed a centaur warrior
 13184 | D:13     | Killed a centaur warrior
 13196 | D:13     | Found a gate leading to a gauntlet.
 13214 | Gauntlet | Entered a Gauntlet
 13214 | Gauntlet | Found a transporter.
 13217 | Gauntlet | Found a transporter.
 13220 | Gauntlet | Found a transporter.
 13221 | Gauntlet | Found a transporter.
 13224 | Gauntlet | Found a transporter.
 13224 | Gauntlet | Found a transporter.
 13258 | Gauntlet | Found a transporter.
 13262 | Gauntlet | Found a transporter.
 13277 | Gauntlet | Found a transporter.
 13286 | Gauntlet | Noticed a catoblepas
 13291 | Gauntlet | Noticed a death ooze
 13293 | Gauntlet | Found a transporter.
 13308 | Gauntlet | Found a transporter.
 13312 | Gauntlet | Found a transporter.
 13473 | Gauntlet | Noticed a death ooze
 13505 | Gauntlet | Killed a death ooze
 13603 | Gauntlet | Gained mutation: You have hooves in place of feet. [demonic
                  | ancestry]
 13603 | Gauntlet | Reached XP level 13. HP: 76/106 MP: 18/18
 13610 | Gauntlet | Killed a death ooze
 13727 | Gauntlet | Noticed a minotaur
 13739 | Gauntlet | Killed a minotaur
 13759 | Gauntlet | Found the ring of Robustness {AC+8}
 13767 | Gauntlet | Got an ichor-stained falchion
 13776 | Gauntlet | Identified the +5 falchion of Paper {pain, rC+ MR+} (You
                  | found it in a Gauntlet)
 13872 | D:13     | Found Mepuof's Antique Weapon Shoppe.
 13879 | D:13     | Bought an iridescent rapier for 225 gold pieces
 13882 | D:13     | Identified the +9 rapier "Uviaw" {pain, Str+5} (You bought
                  | it in a shop on level 13 of the Dungeon)
 13890 | D:13     | Learned a level 5 spell: Borgnjor's Vile Clutch
 13949 | D:13     | Reached skill level 10 in Stealth
 14066 | D:13     | Found Nuylud's Armour Shoppe.
 14069 | D:13     | Bought the +4 moon troll leather armour {Spirit, Regen++
                  | MP+5} for 708 gold pieces
 14069 | D:13     | Bought the +1 helmet "Wero" {Dex+3} for 296 gold pieces
 14069 | D:13     | Found the +4 moon troll leather armour {Spirit, Regen++
                  | MP+5}
 14101 | D:13     | Learned a level 3 spell: Dazzling Flash
 14401 | D:13     | Reached skill level 1 in Necromancy
 14633 | D:13     | Reached skill level 1 in Hexes
 14651 | D:13     | Found a gate to the Vaults.
 14653 | D:13     | Reached skill level 12 in Dodging
 14991 | Lair:1   | Entered Level 1 of the Lair of Beasts
 15293 | Lair:1   | Found a runed translucent gate.
 15293 | Lair:1   | Found a runed translucent gate.
 15293 | Lair:1   | Found a runed translucent gate.
 15518 | Lair:1   | Noticed Dillybarz's ghost (journeyman DDWr)
 15522 | Lair:1   | Noticed a minotaur
 15912 | Lair:2   | Identified the cursed +1 chain mail of Xom's Respect
                  | {Str+4} (You found it on level 2 of the Lair of Beasts)
 15937 | Lair:2   | Reached ****** piety under Dithmenos
 16880 | Lair:3   | Reached skill level 13 in Dodging
 17090 | Lair:3   | Reached skill level 5 in Necromancy
 17764 | Lair:4   | Found a staircase to the Snake Pit.
 17771 | Lair:4   | Found a staircase to the Shoals.
 17860 | Lair:4   | Reached skill level 5 in Hexes
 17860 | Lair:4   | Gained mutation: You regenerate a little health from kills.
                  | [demonic ancestry]
 17860 | Lair:4   | Reached XP level 14. HP: 113/115 MP: 19/19
 18687 | Lair:5   | Got a faintly glowing cloak
 18698 | Lair:5   | Identified the +2 cloak of Card Tricks {Harm rCorr MP+9}
                  | (You found it on level 5 of the Lair of Beasts)
 18809 | Lair:5   | Found a staircase to the Slime Pits.
 18810 | Lair:5   | Found a viscous altar of Jiyva.
 18956 | Lair:5   | Found a frozen archway.
 18982 | IceCv    | Entered an ice cave
 19038 | IceCv    | Reached skill level 14 in Dodging
 19317 | IceCv    | Reached skill level 1 in Spellcasting
 19322 | IceCv    | Reached skill level 1 in Translocations
 19519 | IceCv    | Noticed a frost giant
 19542 | IceCv    | Killed a frost giant
 20396 | Lair:6   | Entered Level 6 of the Lair of Beasts
 20472 | Lair:6   | Identified the cursed +1 robe "Eranug" {Str+3 Int+3} (You
                  | found it on level 6 of the Lair of Beasts)
 20560 | Lair:6   | Noticed Kirke
 20565 | Lair:6   | Killed Kirke
 20740 | Lair:6   | Gained mutation: You regenerate health from kills. [demonic
                  | ancestry]
 20740 | Lair:6   | Reached XP level 15. HP: 124/124 MP: 20/20
 20816 | Lair:6   | Got a brightly glowing falchion
 20822 | Lair:6   | Identified the +5 falchion of Disembowelment {freeze, rPois
                  | MR+ Int+2} (You found it on level 6 of the Lair of Beasts)
 20864 | Lair:6   | Found a large runed translucent door.
 20865 | Lair:6   | Found a large runed translucent door.
 21042 | Lair:6   | Learned a level 3 spell: Ozocubu's Armour
 21047 | Lair:6   | Learned a level 4 spell: Cause Fear
 22320 | D:14     | Found an ancient bone altar of Kikubaaqudgha.
 22727 | D:14     | Reached skill level 1 in Charms
 23022 | D:15     | Entered Level 15 of the Dungeon
 23075 | D:15     | Reached skill level 1 in Earth Magic
 23172 | D:15     | Found a staircase to the Depths.
 23375 | D:15     | Reached skill level 5 in Spellcasting
 24008 | D:15     | Found a sacrificial altar of Ru.
 24339 | Snake:1  | Entered Level 1 of the Snake Pit
 24466 | Snake:1  | Gained mutation: Your flesh is heat resistant. (rF+)
                  | [demonic ancestry]
 24466 | Snake:1  | Reached XP level 16. HP: 125/132 MP: 24/24
 24667 | Lair:1   | Killed Dillybarz's ghost
 24960 | Snake:1  | Reached skill level 5 in Armour
 26429 | Snake:2  | Reached skill level 15 in Dodging
 27350 | Snake:3  | Reached XP level 17. HP: 141/141 MP: 28/28
 27493 | Snake:3  | Reached skill level 10 in Invocations
 27802 | Snake:4  | Entered Level 4 of the Snake Pit
 27881 | Snake:3  | HP: 5/143 [guardian serpent/bolt of poison (29)]
 28472 | Snake:4  | Found Moedogy's Magic Scroll Emporium.
 29549 | Snake:4  | Gained mutation: You are immune to clouds of flame.
                  | [demonic ancestry]
 29549 | Snake:4  | Reached XP level 18. HP: 141/151 MP: 25/31
 29560 | Snake:4  | Got a serpentine rune of Zot
 29728 | Snake:4  | Bought 2 scrolls of enchant armour for 300 gold pieces
 29728 | Snake:4  | Bought a scroll of enchant armour for 150 gold pieces
 29728 | Snake:4  | Bought a scroll of acquirement for 1040 gold pieces
 29728 | Snake:4  | Bought a scroll of enchant weapon for 150 gold pieces
 29728 | Snake:4  | Bought 2 scrolls of blinking for 300 gold pieces
 29728 | Snake:4  | Bought a scroll of enchant armour for 150 gold pieces
 29728 | Snake:4  | Acquired the amulet "Teufar" {Spirit Dex+6}
 30420 | Snake:4  | Learned a level 6 spell: Death Channel
 30515 | Shoals:1 | Entered Level 1 of the Shoals
 30747 | Shoals:1 | Reached skill level 16 in Dodging
 31326 | Shoals:2 | Noticed Ilsuiw
 31387 | Shoals:2 | Killed Ilsuiw
 31387 | Shoals:2 | Reached skill level 15 in Fighting
 31853 | Shoals:2 | Reached skill level 10 in Spellcasting
 32455 | Shoals:3 | Found Ijotsif's Gadget Shop.
 32524 | Shoals:3 | Bought a wand of acid (9) for 416 gold pieces
 32524 | Shoals:3 | Bought a wand of iceblast (4) for 128 gold pieces
 32524 | Shoals:3 | Bought a wand of digging (3) for 224 gold pieces
 32524 | Shoals:3 | Bought a phantom mirror for 480 gold pieces
 32645 | Shoals:3 | Found Affeef's Weapon Emporium.
 32650 | Shoals:3 | Noticed Polyphemus
 32693 | Shoals:3 | Killed Polyphemus
 32693 | Shoals:3 | Reached skill level 10 in Necromancy
 32807 | Shoals:3 | Found Ishof's General Store.
 32967 | Shoals:3 | Found Kumemm's Armour Shoppe.
 33256 | Shoals:3 | Found Sehick's Magic Scroll Shoppe.
 33262 | Shoals:3 | Bought a scroll of identify for 32 gold pieces
 33262 | Shoals:3 | Bought a scroll of teleportation for 48 gold pieces
 33262 | Shoals:3 | Bought a scroll of blinking for 120 gold pieces
 33394 | Shoals:4 | Entered Level 4 of the Shoals
 33394 | Shoals:4 | Noticed Aizul
 33419 | Shoals:4 | Killed Aizul
 33509 | Shoals:4 | Identified the +5 whip of Kindness {vorpal, *Rage rC+ Str+2
                  | SInv} (You found it on level 4 of the Shoals)
 33666 | Shoals:4 | Noticed Louise
 33695 | Shoals:4 | Killed Louise
 33974 | Shoals:4 | Reached XP level 19. HP: 136/159 MP: 33/33
 34058 | Shoals:4 | Got a barnacled rune of Zot
 34852 | Orc:1    | Entered Level 1 of the Orcish Mines
 35006 | Orc:2    | Entered Level 2 of the Orcish Mines
 35046 | Orc:2    | Found a staircase to the Elven Halls.
 35315 | Orc:2    | Found Xora Or Zysh's Book Shoppe.
 35315 | Orc:2    | Found Koboniug's Armour Boutique.
 35315 | Orc:2    | Found Exoneze's Antique Weapon Shop.
 35317 | Orc:2    | Found Icoluoma's Magic Scroll Emporium.
 35409 | Orc:2    | Bought a book of the Earth for 975 gold pieces
 35416 | Orc:2    | Learned a level 6 spell: Statue Form
 36143 | Vaults:1 | Entered Level 1 of the Vaults
 37758 | Vaults:2 | Paralysed by a sphinx for 7 turns
 37764 | Vaults:2 | HP: 8/161 [storm dragon (24)]
 37765 | Vaults:2 | Demolished by a yaktaur captain

Illustrated notes

Levels and vault maps discovered:
D:1:      enne_arrival_octagon_isle, layout_basic
D:2:      layout_rooms
D:3:      minmay_angry_zag, layout_rooms, grunt_temple_overflow_open
D:4:      layout_loops_cross, okawaru_metal_pillars_1_2, serial_shops,
          shop_coins, uniq_crazy_yiuf_cottage, uniq_sigmund, uniq_grinder,
          uniq_blork_the_orc
D:5:      layout_basic, temple_statues, serial_shops, nicolae_shop_trees,
          first_ration
D:6:      layout_loops_corners, palyth_stone_intersect,
          nicolae_tso_besieged_by_evil
D:7:      layout_basic, basic_altar, enter_bailey_3
D:8:      layout_basic, serial_shops, shop
D:9:      layout_gridville, uniq_joseph, uniq_grum
D:10:     layout_roguey, blue_anna_alchemist [blue_anna_fruit_fields,
          blue_anna_fruit_fields], roderic_roman_lattice
D:11:     minmay_chambers_of_sixes, layout_rooms, erik_lair_dragon, uniq_urug,
          uniq_maurice
D:12:     layout_basic, orc_0_dummy, lightli_fourway_metalbox, uniq_sonja,
          uniq_josephine, uniq_azrael
D:13:     layout_stronghold, erik_vaults_1, gauntlet_entry_generic,
          serial_shops, kennysheep_mini, shop, shop, lemuel_flame_loot_1
D:14:     kennysheep_spiral_hall, layout_irregular_city, basic_altar
D:15:     hangedman_depths_entry_civil_slaughter, layout_long_grid,
          nicolae_ru_the_path_less_chosen
Temple:   regret_index_temple_mists
Lair:1:   layout_misc_corridors, maelrawn_ghost_gauntlet_escape,
          beast_lair_carwin_9
Lair:2:   layout_layer_cave, beast_lair_carwin_7
Lair:3:   layout_roguey
Lair:4:   layout_roguey, shoals_dummy_entry, minmay_snake_entry_guardpost_small
Lair:5:   layout_hall_layers, slime_altar_1, portal_ice_cave_entry_imps
Lair:6:   cheibrodos_lair_end_hotspot, layout_regular_city,
          serial_bayou_crossing, uniq_kirke
Shoals:1: layout_shoals
Shoals:2: cheibrodos_shoals_oceanic_diplomacy, layout_shoals, uniq_ilsuiw
Shoals:3: layout_shoals, serial_shops, nicolae_shop_stone, nicolae_shop_stone,
          nicolae_shop_stone, shop_statue, shop_coins, uniq_polyphemus
Shoals:4: shoals_end_grunt_garden, layout_shoals, shoals_ilsuiw_ice, uniq_aizul,
          uniq_louise
Snake:1:  layout_onion, st_stairs_2, nicolae_snake_shapes, serial_bayou_shore_a,
          grunt_megastairs_2
Snake:2:  layout_basic, grunt_megastairs_1
Snake:3:  layout_onion_interference
Snake:4:  snake_hunt, layout_basic, serial_shops, shop, st_stairs_14,
          nicolae_snake_double_loop
Orc:1:    layout_caves, basic_altar, serial_shops, nicolae_shop_behind_doors
Orc:2:    st_orc_rangers, layout_caves
Vaults:1: v_misc_18, nicolae_vaults_little_squares_1, v_alt_pattern_4,
          vaults_room_pools, v_misc_22, layout_vaults_omnigrid
Vaults:2: v_misc_8, nicolae_vaults_ring_of_whatevers, st_greater_box_3,
          v_misc_11, vaults_room_large_hall, minmay_crypt_entry_simple_sparse,
          serial_ice_g, vaults_mumra_chevron_long, ontoclasm_vaults_idyll,
          layout_vaults_maze_snakey

Skill      XL: |  1  2  3  4  5  6  7  8  9 10 11 12 13 14 15 16 17 18 19 |
---------------+----------------------------------------------------------+-----
Short Blades   | 3 4 5 6 7 8 |  8.3
Dodging        | 3 4 5 6 7 9 10 11 13 14 15 16 | 16.9
Throwing       | 2 3 4 5 |  5.5
Fighting       | 3 4 5 6 7 8 9 10 11 12 13 14 15 | 15.7
Stealth        | 3 6 7 9 10 11 12 | 12.2
Invocations    | 1 5 7 9 12 | 12.1
Evocations     | 3 5 7 8 |  8.5
Armour         | 2 4 5 6 |  6.3
Necromancy     | 5 7 8 10 11 | 11.5
Hexes          | 5 7 8 |  8.0
Spellcasting   | 3 5 7 9 10 | 10.8
Translocations | 3 4 |  4.3
Charms         | 4 |  4.0
Earth Magic    | 3 4 |  4.9

Action                   |  1- 3 |  4- 6 |  7- 9 | 10-12 | 13-15 | 16-18 | 19-21 || total
-------------------------+-------+-------+-------+-------+-------+-------+-------++-------
Melee: Rapier            |   125 |   132 |       |       |       |       |       ||   257
       Kick              |       |    19 |    63 |   269 |   680 |   972 |   322 ||  2325
       Pair of quick bla |       |     6 |   187 |   712 |  1351 |  1832 |   535 ||  4623
       Scimitar          |       |       |       |       |     5 |       |       ||     5
       Falchion          |       |       |       |       |       |    31 |       ||    31
Throw: Throwing net      |       |     3 |       |       |       |       |       ||     3
       Dart              |       |       |       |       |     1 |       |       ||     1
       Javelin           |       |       |       |       |       |     2 |       ||     2
 Cast: Dazzling Flash    |       |       |       |       |     1 |       |     1 ||     2
       Ozocubu's Armour  |       |       |       |       |     1 |     1 |     3 ||     5
       Cause Fear        |       |       |       |       |       |       |     1 ||     1
       Death Channel     |       |       |       |       |       |       |     1 ||     1
Invok: Shadow Step       |       |       |       |     1 |       |     1 |     2 ||     4
Evoke: Wand              |       |       |     4 |     5 |     1 |    14 |       ||    24
       Tin of tremorston |       |       |       |       |       |     5 |       ||     5
       Phantom mirror    |       |       |       |       |       |     1 |       ||     1
  Use: Potion            |       |     5 |     1 |     2 |     2 |     3 |       ||    13
       Scroll            |       |     4 |     7 |     8 |    16 |     9 |       ||    44
 Stab: Sleeping          |     7 |     4 |     7 |    31 |    54 |    60 |    21 ||   184
       Held in net/web   |       |     3 |       |       |       |       |       ||     3
       Invisible         |       |     3 |       |       |       |       |       ||     3
       Distracted        |       |       |       |     2 |     6 |    17 |    10 ||    35
  Eat: Chunk             |     2 |     4 |     9 |    14 |    25 |    25 |    12 ||    91
       Ration            |       |     1 |     1 |     1 |     3 |     2 |       ||     8
Armor: Leather armour    |    36 |    55 |     8 |     1 |       |       |       ||   100
       Robe              |       |       |     8 |     7 |       |       |       ||    15
       Ring mail         |       |       |       |     9 |       |       |       ||     9
       Scale mail        |       |       |       |    44 |     5 |       |       ||    49
       Troll leather arm |       |       |       |       |   130 |   247 |    90 ||   467
Dodge: Dodged            |   113 |   162 |    90 |   348 |   760 |  1458 |   444 ||  3375
Block: Other             |       |       |       |       |       |   116 |       ||   116
       Reflection        |       |       |       |       |       |    13 |       ||    13
       Rpst.: Scimitar   |       |       |       |       |     1 |       |       ||     1
       Falchion          |       |       |       |       |       |    11 |       ||    11
